 Dungeon Crawl Stone Soup version 0.31-a0-18-gea43df2a32 (webtiles) character file.

Game seed: 14180673733668430799

29612 BlueFish the Frost Mage (level 13, -6/107 (108) HPs)
             Began as a White Draconian Conjurer on May 9, 2023.
             Was an Elder of Vehumet.
             Mangled by a black mamba (10 damage)
             ... on level 3 of the Lair of Beasts.
             The game lasted 00:48:53 (20340 turns).

BlueFish the Frost Mage (White Draconian Conjurer) Turns: 20340, Time: 00:48:54

HP:   -6/107 (108)  AC: 11    Str: 10    XL:     13   Next: 16%
MP:   2/24          EV: 14    Int: 23    God:    Vehumet [****..]
Gold: 1080          SH:  0    Dex: 10    Spells: 11/26 levels left

rFire   x . .        f - +7 quarterstaff of Due Proportion {flame, rN+}
rCold   + + .        (shield currently unavailable)
rNeg    + . .        (body armour unavailable)
rPois   .            (helmet restricted)
rElec   .            C - +0 cloak
rCorr   .            (no gloves)
SInv    +            e - +1 pair of boots
Will    .....        (no amulet)
Stlth   ++++         Q - ring of ice
HPRegen 0.37/turn    d - ring of see invisible
MPRegen 0.19/turn

%: no passive effects
@: lethally poisoned (-6 -> -16), lightly drained
A: breathe frost, AC +8, unfitting armour, cold resistance 1, cold-blooded
a: Breathe Frost, Renounce Religion


You were on level 3 of the Lair of Beasts.
You worshipped Vehumet.
Vehumet was greatly pleased with you.
You visited 3 branches of the dungeon, and saw 16 of its levels.
You also visited: Ossuary.

You collected 1182 gold pieces.
You spent 102 gold pieces at shops.

Inventory:

Hand Weapons
 f - the +7 quarterstaff of Due Proportion (weapon) {flame, rN+}
   (You found it on level 11 of the Dungeon)

   rN:        It protects you from negative energy.
 n - a +2 dagger of protection
 t - a +1 short sword of electrocution
 J - a +5 short sword of venom
Missiles
 l - 2 throwing nets
Armour
 e - a +1 pair of boots (worn)
 C - a +0 cloak (worn)
 E - a +0 buckler
Jewellery
 b - a +6 ring of dexterity
 d - a ring of see invisible (right hand)
 i - a +5 ring of evasion
 r - a ring of fire
 v - a +6 ring of strength
 B - a +6 ring of strength
 M - an amulet of faith
 Q - a ring of ice (left hand)
Wands
 s - a wand of flame (8)
 y - a wand of iceblast (16)
 I - a wand of polymorph (12)
 R - a wand of mindburst (7)
Scrolls
 c - 4 scrolls of teleportation
 g - 8 scrolls of fog
 h - a scroll of immolation
 k - 3 scrolls of noise
 o - 2 scrolls of torment
 u - a scroll of vulnerability
 w - 4 scrolls of amnesia
 x - a scroll of blinking
 A - a scroll of enchant weapon
 K - 2 scrolls of poison
 L - 3 scrolls of enchant armour
 O - a scroll of magic mapping
 P - a scroll of silence
Potions
 a - 2 potions of magic
 j - 5 potions of curing
 m - 4 potions of attraction
 p - 4 potions of brilliance
 q - 2 potions of might
 z - 2 potions of mutation
 D - a potion of berserk rage
 F - 3 potions of flight
 G - 2 potions of cancellation
 N - 2 potions of lignification


   Skills:
 + Level 8.4 Fighting
 - Level 5.6 Short Blades
 + Level 4.5 Staves
 + Level 7.2 Dodging
 + Level 8.0 Stealth
 - Level 4.3 Shields
 + Level 7.3 Spellcasting
 + Level 8.8 Conjurations
 * Level 11.7 Ice Magic
 + Level 6.9 Evocations


You had 11 spell levels left.
You knew the following spells:

 Your Spells              Type           Power      Damage    Failure   Level
a - Magic Dart            Conj           100%       1d8       1%          1
b - Searing Ray           Conj           98%        2d8       1%          2
c - Dazzling Flash        Conj/Hex       56%        N/A       1%          3
d - Ensorcelled Hibernat  Hex/Ice        100%       N/A       1%          2
e - Hailstorm             Conj/Ice       71%        3d15      1%          3
f - Iskenderun's Mystic   Conj/Tloc      28%        2d7       3%          4

Your spell library contained the following spells:

 Spells                   Type           Power      Damage    Failure   Level
 Sticky Flame             Conj/Fire      28%        2d5       3%          4
 Shock                    Conj/Air       100%       1d9       1%          1
 Scorch                   Fire           16%        2d5       3%          2
 Flame Wave               Conj/Fire      28%        2d9       3%          4
 Fulminant Prism          Conj/Hex       14%        3d9       3%          4
 Airstrike                Air            4%         2d(1-17)  19%         4
 Olgreb's Toxic Radiance  Pois           8%         N/A       19%         4
 Spider Form              Tmut/Pois      8%         N/A       22%         3
 Swiftness                Air            8%         N/A       22%         3
 Tukima's Dance           Hex            8%         N/A       22%         3
 Yara's Violent Unravell  Hex/Tmut       4%         3d4       45%         5
 Anguish                  Hex/Necr       4%         N/A       58%         4
 Passage of Golubria      Tloc           8%         N/A       58%         4
 Summon Cactus Giant      Summ           4%         N/A       100%        6
 Discord                  Hex            4%         N/A       100%        8
 Ignition                 Fire           4%         3d4       100%        8


Dungeon Overview and Level Annotations

Branches:
Dungeon (11/15)            Temple (1/1) D:6            Lair (4/5) D:11
  Swamp (0/4) Lair:2        Snake (0/4) Lair:3          Orc (0/2) D:11
Ossuary (visited)
  Slime: Lair:4-5

Altars:
Ashenzari
Cheibriados
Dithmenos
Elyvilon
Fedhas
Gozag
Hepliaklqana
Kikubaaqudgha
Makhleb
Nemelex Xobeh
Okawaru
Qazlal
Ru
Sif Muna
Trog
Uskayaw
Vehumet
Wu Jian
Xom
Yredelemnul
Zin
The Shining One

Shops:
D:5 (   D:7 :

Annotations:
Lair:3 exclusion: catoblepas, Gastronok


Innate Abilities, Weirdness & Mutations

You can breathe waves of freezing cold which knock back foes.
Your icy white scales are hard. (AC +8)
You cannot fit into any form of body armour.
Your flesh is cold resistant. (rC+)
You are cold-blooded and may be slowed by cold attacks.


Message History

You climb upwards.
Level annotation: exclusion: catoblepas, Gastronok The wraith closely misses you.
The wraith hits you.
* * * LOW HITPOINT WARNING * * *
The wraith drains your vigour!
You feel as though you will be slow longer.
There is a stone staircase leading down here.
Casting: Magic Dart (safe; 1% risk of failure)
Confirm with . or Enter, or press ? or * to list all spells.
Aiming: Searing Ray (safe; 1% risk of failure)
Press: ? - help, Shift-Dir - straight line, f - wraith
Aim: a wraith (almost destroyed, 83% to hit)
The searing ray hits the wraith!
You destroy the wraith!
Vehumet accepts your kill.
You feel your power returning. (Press . to maintain the ray.)
You feel yourself speed up.
Casting: Searing Ray (safe; 1% risk of failure)
Confirm with . or Enter, or press ? or * to list all spells.
You erupt in a blast of force!
The mystic blast hits the plant.
The plant begins to die.
The plant is lightly damaged.
The mystic blast hits the plant!
The plant begins to die.
The plant is lightly damaged.
The mystic blast hits the black mamba.
The black mamba is lightly wounded.
The black mamba is knocked back by the mystic blast.
You have got your breath back.
You hear a deafening roar! x5
A hell rat comes into view.
The black mamba bites you.
* * * LOW HITPOINT WARNING * * *
You closely miss the black mamba.
The black mamba is lightly wounded.
The black mamba bites you.
* * * LOW HITPOINT WARNING * * *
You are lethally poisoned!
The black mamba poisons you! The black mamba bites you!
You die...

#.......## ##.....
##.....## #..P..
##.....# #<..#. #.....>#
#..... ##†....# #.....
####.##### #.....
##~...♣P.########.....
#P~~.S..~.#..##.#.....
#~~♣♣@♣♣..#...........
#.~♣...♣P.#...........
...r..>....).......##.#
..#.P♣...♣.~#.......#...
.##PP♣♣.♣♣..#...........
#♣ ~~...♣♣#...........
~.~.♣≈ #...........
###.## ..###...#... ..#
........


You could see a black mamba and a hell rat.

Vanquished Creatures
  Kirke (Lair:3)
  Josephine (Lair:3)
  Fannar (Lair:1)
  4 two-headed ogres
  3 bog bodies (Lair:2)
  Pikel (D:7)
  An ugly thing (D:11)
  2 black mambas
  6 cane toads
  Maggie (D:9)
  A kobold demonologist (D:11)
  A rime drake (Lair:1)
  An unseen horror (D:11)
  5 komodo dragons
  A troll (D:11)
  A polar bear (Lair:3)
  4 blink frogs (Lair:1)
  A hornet (D:8)
  5 dream sheep (Lair:3)
  A spriggan (Lair:2)
  A vampire (D:11)
  10 wraiths
  6 wyverns
  38 yaks
  A steam dragon (D:7)
  A human (D:11)
  Grum (D:8)
  4 hogs (Lair:3)
  A basilisk (D:11)
  3 vampire mosquitoes (D:11)
  Edmund (D:5)
  A swamp worm (Lair:2)
  A warg (D:11)
  2 nagas (Lair:3)
  7 water moccasins
  Duvessa (D:6)
  2 ice beasts
  3 orc warriors
  3 centaurs
  9 wolves
  An elf zombie (Ossuary)
  A kobold brigand (D:8)
  8 bullfrogs
  2 gnoll sergeants
  3 scorpions
  16 wights
  Dowan (D:6)
  2 electric eels (Lair:2)
  8 howler monkeys
  2 hounds
  A gnoll bouda (D:6)
  2 jellies
  9 orc priests
  3 iron imps (D:7)
  A sleepcap (D:5)
  Jessica (D:2)
  An iguana (D:6)
  Natasha (thrice) (D:3)
  14 orc wizards
  4 mummies (Ossuary)
  18 gnolls
  An adder (D:5)
  2 shadow imps (D:6)
  2 ufetubi (D:5)
  An adder zombie (Ossuary)
  4 worms
  2 dart slugs
  32 orcs
  7 ball pythons
  5 bats
  3 endoplasms
  2 giant cockroaches
  8 hobgoblins
  7 jackals
  5 quokkas
  2 frilled lizards
  4 goblins
  2 goblin zombies (Ossuary)
  2 hobgoblin zombies (Ossuary)
  A jackal zombie (Ossuary)
  12 kobolds
  2 kobold zombies (Ossuary)
  2 orc zombies (Ossuary)
  2 rats (D:1)
  A rat zombie (Ossuary)
350 creatures vanquished.

Notes
Turn   | Place    | Note
-------+----------+-------------------------------------------
     0 | D:1      | BlueFish the Draconian Conjurer began the quest for the
                  | Orb.
     0 | D:1      | Reached XP level 1. HP: 14/14 MP: 3/3
   862 | D:2      | Reached XP level 2. HP: 22/22 MP: 3/5
   865 | D:2      | Learned a level 2 spell: Searing Ray
   934 | D:2      | Noticed Jessica
  1194 | D:2      | Reached skill level 1 in Fighting
  1274 | D:2      | Reached XP level 3. HP: 10/28 MP: 0/6
  1427 | D:2      | Identified the +2 helmet of the Arcane {rC+}
  1463 | D:2      | Killed Jessica
  1686 | D:2      | Found a faded altar of an unknown god.
  1808 | D:2      | Learned a level 3 spell: Dazzling Flash
  1909 | D:3      | Reached XP level 4. HP: 35/35 MP: 5/7
  1964 | D:3      | Noticed Natasha
  1974 | D:3      | Killed Natasha
  2137 | D:3      | Reached skill level 1 in Short Blades
  2379 | D:3      | Identified the +0 robe of Raisiur {rCorr Dex+2}
  2437 | D:3      | Noticed Natasha
  2440 | D:3      | Killed Natasha
  2507 | D:3      | Reached XP level 5. HP: 41/41 MP: 5/9
  2614 | D:3      | Noticed Natasha
  2622 | D:3      | Killed Natasha
  2996 | D:4      | Found a sand-covered staircase.
  3005 | Ossuary  | Entered an ossuary
  3357 | Ossuary  | Reached XP level 6. HP: 50/50 MP: 2/10
  3971 | D:4      | Reached skill level 5 in Conjurations
  4427 | D:5      | Entered Level 5 of the Dungeon
  4441 | D:5      | Your scales start taking on an icy white colour.
  4441 | D:5      | Reached XP level 7. HP: 51/57 MP: 2/12
  4441 | D:5      | Gained mutation: Your flesh is cold resistant. (rC+) [White
                  | Draconian growth]
  4478 | D:5      | Learned a level 2 spell: Ensorcelled Hibernation
  4586 | D:5      | Reached skill level 1 in Ice Magic
  4931 | D:5      | Reached skill level 2 in Ice Magic
  4931 | D:5      | Reached skill level 1 in Evocations
  5046 | D:5      | Noticed Edmund
  5056 | D:5      | Killed Edmund
  5248 | D:5      | Found Nebaguze's Antique Weapon Emporium.
  5257 | D:5      | Bought a runed short sword for 102 gold pieces
  5297 | D:5      | Reached XP level 8. HP: 64/64 MP: 10/13
  5338 | D:5      | Found a hide-covered altar of Uskayaw.
  5629 | D:6      | Reached skill level 3 in Ice Magic
  6126 | D:6      | Reached skill level 4 in Ice Magic
  6232 | D:6      | Found a staircase to the Ecumenical Temple.
  6253 | Temple   | Entered the Ecumenical Temple
  6480 | Temple   | Became a worshipper of Vehumet
  6696 | D:6      | Noticed Dowan
  6699 | D:6      | Noticed Duvessa
  6701 | D:6      | Killed Dowan
  6702 | D:6      | Reached skill level 1 in Shields
  6710 | D:6      | Killed Duvessa
  7228 | D:6      | Found an ancient bone altar of Kikubaaqudgha.
  7443 | D:7      | Found Ekeazeol's Vocational Training.
  7466 | D:7      | Reached XP level 9. HP: 72/72 MP: 9/15
  7811 | D:7      | Reached skill level 5 in Ice Magic
  8103 | D:7      | Found an iron altar of Okawaru.
  8122 | D:7      | Noticed Pikel
  8140 | D:7      | Killed Pikel
  8298 | D:7      | Found a burning altar of Makhleb.
  8445 | D:7      | Reached skill level 5 in Stealth
  8655 | D:7      | Reached skill level 5 in Fighting
  8994 | D:8      | Found an opulent altar of Gozag.
  9016 | D:8      | Identified the +2 scale mail "Nokh" {Fly rPois rF+++ Will-}
  9020 | D:8      | Found a glowing silver altar of Zin.
  9097 | D:8      | Reached skill level 6 in Ice Magic
  9098 | D:8      | Reached * piety under Vehumet
  9098 | D:8      | Offered knowledge of Freeze by Vehumet.
  9385 | D:8      | Noticed Grum
  9392 | D:8      | Killed Grum
  9566 | D:8      | Reached skill level 5 in Spellcasting
  9726 | D:8      | Reached XP level 10. HP: 57/81 MP: 5/17
 10011 | D:8      | Noticed a two-headed ogre
 10029 | D:8      | Killed a two-headed ogre
 10030 | D:8      | Reached skill level 5 in Dodging
 10174 | D:8      | Paralysed by a hornet for 2 turns
 10571 | D:9      | Reached skill level 7 in Ice Magic
 10957 | D:9      | Noticed Maggie
 10976 | D:9      | Killed Maggie
 11099 | D:9      | Noticed a two-headed ogre
 11108 | D:9      | Killed a two-headed ogre
 11109 | D:9      | Reached skill level 5 in Short Blades
 11928 | D:9      | Reached skill level 8 in Ice Magic
 12163 | D:10     | Entered Level 10 of the Dungeon
 12170 | D:10     | Reached ** piety under Vehumet
 12194 | D:10     | Offered knowledge of Kiss of Death by Vehumet.
 12200 | D:10     | Reached XP level 11. HP: 78/89 MP: 9/19
 12558 | D:10     | Noticed a two-headed ogre
 12564 | D:10     | Killed a two-headed ogre
 13484 | D:11     | Found a staircase to the Lair.
 13495 | D:11     | Identified the +7 quarterstaff of Due Proportion {flame,
                  | rN+}
 13563 | D:11     | Reached skill level 5 in Evocations
 13738 | D:11     | Offered knowledge of Static Discharge by Vehumet.
 13991 | D:11     | Reached *** piety under Vehumet
 14009 | D:11     | Noticed a two-headed ogre
 14138 | D:11     | Killed a two-headed ogre
 14139 | D:11     | Reached skill level 1 in Staves
 14139 | D:11     | Reached skill level 9 in Ice Magic
 14209 | D:11     | Found a staircase to the Orcish Mines.
 14315 | D:11     | Offered knowledge of Hailstorm by Vehumet.
 14322 | D:11     | Learned a level 3 spell: Hailstorm
 14601 | D:11     | Noticed a cyan ugly thing
 14617 | D:11     | Killed a cyan ugly thing
 14902 | Lair:1   | Entered Level 1 of the Lair of Beasts
 15567 | Lair:1   | Reached XP level 12. HP: 100/100 MP: 15/21
 15652 | Lair:1   | Reached skill level 10 in Ice Magic
 16074 | Lair:1   | Reached **** piety under Vehumet
 16221 | Lair:1   | Noticed Fannar
 17482 | Lair:1   | Killed Fannar
 17981 | Lair:3   | Learned a level 4 spell: Iskenderun's Mystic Blast
 17987 | Lair:2   | Offered knowledge of Sticky Flame by Vehumet.
 18812 | Lair:2   | Reached skill level 11 in Ice Magic
 19354 | Lair:2   | Found a staircase to the Swamp.
 19825 | Lair:3   | Noticed a catoblepas
 19870 | Lair:3   | Noticed Gastronok
 19964 | Lair:3   | Noticed Kirke
 19988 | Lair:3   | Noticed a sphinx
 19991 | Lair:3   | Killed Kirke
 20182 | Lair:3   | Found a staircase to the Snake Pit.
 20192 | Lair:3   | Reached XP level 13. HP: 107/107 MP: 20/23
 20289 | Lair:3   | Noticed Josephine
 20306 | Lair:3   | Killed Josephine
 20312 | Lair:3   | HP: 5/107 [black mamba (8)]
 20314 | Lair:3   | HP: 2/107 [black mamba (8)]
 20340 | Lair:3   | HP: 4/107 [black mamba (5)]
 20340 | Lair:3   | Mangled by a black mamba

Illustrated notes

Levels and vault maps discovered:
D:1:      ncdulo_lavacross, layout_basic
D:2:      layout_rooms, ebering_ecumenical_altar_abandoned, minmay_tromino_mix6,
          uniq_jessica
D:3:      layout_loops_ring, chequers_serial_rivers_room_a, uniq_natasha
D:4:      layout_basic, nicolae_ossuary_entry_ruins
D:5:      layout_rooms, eat_drink_and_be_merry_uskayaw, serial_shops,
          kennysheep_little_box, uniq_edmund
D:6:      layout_gridville, lemuel_coloured_pillars_altar,
          minmay_temple_entry_statues_fountains, uniq_duvessa
D:7:      layout_basic, okawaru_trees_1, demons_altar, nicolae_shop_vocational,
          uniq_pikel
D:8:      layout_basic, pdpol_temple_overflow_zin_treasury_gozag_greed,
          uniq_grum
D:9:      layout_loops_cross, uniq_maggie
D:10:     layout_rooms
D:11:     layout_rooms, lair_entry_dummy, erik_orc_4
Temple:   eino_temple_scatter_basement
Lair:1:   layout_layer_cave, lemuel_fruit_tree, grunt_megastairs_1, uniq_fannar
Lair:2:   layout_small_grid, nicolae_swamp_entry_splash_gauntlet,
          serial_bayou_pond_a, wad_woods_03, serial_bayou_shore_a,
          serial_bayou_shore_b
Lair:3:   layout_chaotic_city, guppyfry_snake_entry_garden, uniq_kirke,
          uniq_josephine, uniq_gastronok
Lair:4:   layout_gridlike, dpeg_slime_entry_corner

Skill      XL: |  1  2  3  4  5  6  7  8  9 10 11 12 13 |
---------------+----------------------------------------+-----
Stealth        | 2 3 4 5 6 7 8 |  8.0
Dodging        | 2 3 4 5 6 7 |  7.2
Fighting       | 1 2 3 4 5 6 7 8 |  8.4
Short Blades   | 1 2 3 4 5 |  5.6
Spellcasting   | 3 4 5 6 7 |  7.3
Conjurations   | 5 6 7 8 |  8.8
Ice Magic      | 2 4 6 8 9 11 | 11.7
Evocations     | 1 2 3 4 5 6 |  6.9
Shields        | 1 2 4 |  4.3
Staves         | 2 4 |  4.5

Action                     |  1- 3 |  4- 6 |  7- 9 | 10-12 | 13-15 || total
---------------------------+-------+-------+-------+-------+-------++-------
  Melee: Tailslap          |     3 |     7 |    10 |    32 |     1 ||    53
         Unarmed           |     1 |       |       |       |       ||     1
         Whip              |    34 |       |       |       |       ||    34
         Dagger            |     5 |    45 |    17 |       |       ||    67
         Punch             |     1 |       |     1 |       |       ||     2
         Short sword       |       |       |    38 |    39 |       ||    77
         Quarterstaff      |       |       |       |   157 |     9 ||   166
   Cast: Magic Dart        |    60 |    81 |   184 |   200 |     1 ||   526
         Searing Ray       |     4 |    15 |    49 |    80 |     1 ||   149
         Ensorcelled Hiber |       |       |     1 |    10 |       ||    11
         Dazzling Flash    |       |       |     2 |     3 |       ||     5
         Hailstorm         |       |       |       |    85 |    12 ||    97
         Iskenderun's Myst |       |       |       |    16 |     5 ||    21
Ability: Breathe Frost     |       |       |    10 |    27 |     1 ||    38
  Evoke: Wand              |       |       |     2 |     2 |       ||     4
    Use: Scroll            |       |     4 |     6 |    18 |     2 ||    30
         Potion            |       |       |       |     3 |     1 ||     4
   Stab: Sleeping          |       |     1 |     2 |     8 |       ||    11
         Invisible         |       |       |       |     1 |       ||     1
 Armour: Skin              |    17 |    22 |    39 |   128 |    14 ||   220
  Dodge: Dodged            |    40 |    37 |    68 |   298 |    23 ||   466
  Block: Buckler           |       |       |    16 |    19 |       ||    35

Table legend: (Time is in decaauts)
 A = Elapsed time spent in this place.
 B = Non-inter-level travel time spent in this place.
 C = Inter-level travel time spent in this place.
 D = Time resting spent in this place.
 E = Time spent auto-exploring this place.
 F = Levels seen in this place.
 G = Mean time per level.
                   A        B        C        D        E       F      G
               +--------+--------+--------+--------+--------+-----+--------+
         Total |  20462 |  19791 |    671 |   1055 |  15410 |  17 | 1203.6 |
       Dungeon |  14104 |  13501 |    603 |    655 |  10476 |  11 | 1282.2 |
        Temple |    264 |    247 |     17 |      0 |    218 |   1 |  264.0 |
          Lair |   5544 |   5494 |     50 |    400 |   4288 |   4 | 1386.0 |
       Ossuary |    549 |    549 |      0 |      0 |    428 |   1 |  549.0 |
               +--------+--------+--------+--------+--------+-----+--------+

Top non-repeatable levels by time:
  Lair:1: 2812 daAuts
    D:11: 1748 daAuts
  Lair:2: 1697 daAuts
     D:7: 1652 daAuts
     D:8: 1621 daAuts
     D:9: 1469 daAuts
     D:6: 1391 daAuts
     D:5: 1328 daAuts
     D:1: 1148 daAuts
     D:3: 1051 daAuts
  Lair:3: 1032 daAuts
    D:10: 1012 daAuts
     D:4: 930 daAuts
     D:2: 750 daAuts
 Ossuary: 549 daAuts
